 Dungeon Crawl Stone Soup version 0.31.0-11-ge490571c62 (webtiles) character file.

Game seed: 13434498793797868304

8759 Strat the Fighter (level 11, -9/77 (80) HPs)
             Began as an Octopode Reaver on Feb 1, 2024.
             Was a Follower of Sif Muna.
             Mangled by a soul eater (21 damage)
             ... summoned by a kobold demonologist
             ... on level 11 of the Dungeon.
             The game lasted 00:36:12 (13706 turns).

Strat the Fighter (Octopode Reaver)                Turns: 13706, Time: 00:36:13

HP:   -9/77 (80)    AC:  1    Str: 12    XL:     11   Next: 35%
MP:   3/24          EV: 13    Int: 28    God:    Sif Muna [*.....]
Gold: 825           SH:  0    Dex: 11    Spells: 4/28 levels left

rFire   . . .        b - +2 dagger (venom)
rCold   . . .        (no shield)
rNeg    . . .        (helmet restricted)
rPois   .            w - amulet "Qairiz" {Acrobat Int+3}
rElec   .            v - ring of wizardry
rCorr   .            g - +6 ring of intelligence
SInv    .            (no ring)
Will    .....        (no ring)
Stlth   ++++         (no ring)
HPRegen 0.32/turn    (no ring)
MPRegen 0.19/turn    (no ring)
                     (no ring)

%: acrobat, wizardry (x1)
@: about to teleport, weak-willed, jinxed, lightly drained
A: almost no armour, amphibious, 8 rings, camouflage 1, gelatinous body 1,
(nimble swimmer 1), tentacles
a: Renounce Religion, Channel Magic


You were on level 11 of the Dungeon.
You worshipped Sif Muna.
Sif Muna was aware of your devotion.
You visited 2 branches of the dungeon, and saw 12 of its levels.
You also visited: Sewer.

You collected 895 gold pieces.
You spent 70 gold pieces at shops.

Inventory:

Hand Weapons
 a - a +4 scimitar of flaming
 b - a +2 dagger of venom (weapon)
 o - a +0 rapier
 y - a +0 short sword
Missiles
 n - 4 curare-tipped darts
Armour
 u - a +0 kite shield
Jewellery
 g - a +6 ring of intelligence (right tentacle)
 v - a ring of wizardry (left tentacle)
 w - the amulet "Qairiz" (around mantle) {Acrobat Int+3}
   (You found it on level 7 of the Dungeon)

   [amulet of the acrobat]

   Acrobat:   It increases your evasion while moving and waiting.
   Int+3:     It affects your intelligence (+3).
 z - an amulet of the acrobat
 E - a +6 ring of intelligence
 I - a ring of flight
Talismans
 A - the maw talisman of Nyvitye {rElec Stlth+}
   (You found it on level 9 of the Dungeon)

   [maw talisman]

   rElec:     It insulates you from electricity.
   Stlth+:    It makes you more stealthy.
Wands
 j - a wand of quicksilver (6)
 q - a wand of roots (9)
 t - a wand of charming (9)
 B - a wand of mindburst (1)
 C - a wand of digging (3)
Scrolls
 d - a scroll of poison
 f - 7 scrolls of enchant weapon
 i - a scroll of silence
 H - a scroll of brand weapon {unknown}
 J - 3 scrolls of fog {unknown}
 K - 2 scrolls of fear {unknown}
Potions
 c - 2 potions of might
 e - 3 potions of berserk rage
 h - 4 potions of haste
 k - 3 potions of lignification
 m - 2 potions of mutation
 p - 2 potions of brilliance
 r - a potion of enlightenment
 s - 2 potions of ambrosia {unknown}
 x - 2 potions of attraction {unknown}
Miscellaneous
 F - a condenser vane (inert)


   Skills:
 + Level 9.1 Fighting
 - Level 4.1 Short Blades
 - Level 2.5 Dodging
 - Level 6.0 Stealth
 + Level 9.0 Spellcasting
 - Level 5.0 Conjurations
 - Level 2.0 Hexes
 - Level 5.0 Fire Magic
 - Level 3.0 Ice Magic
 + Level 7.5 Alchemy


You had 4 spell levels left.
You knew the following spells:

 Your Spells              Type           Power      Damage    Failure   Level
a - Kiss of Death         Conj/Necr      100%       2d13      1%          1
b - Momentum Strike       Conj/Tloc      52%        3d9       1%          2
c - Frozen Ramparts       Ice            58%        1d9       1%          3
d - Ensorcelled Hibernat  Hex/Ice        52%        N/A       1%          2
e - Sticky Flame          Fire/Alch      47%        2d9       1%          4
f - Flame Wave            Conj/Fire      40%        2d11      2%          4
g - Yara's Violent Unrav  Hex/Alch       19%        3d9       7%          5
h - Apportation           Tloc           24%        N/A       1%          1
i - Jinxbite              Hex            46%        N/A       1%          2

Your spell library contained the following spells:

 Spells                   Type           Power      Damage    Failure   Level
 Freeze                   Ice            100%       1d10      1%          1
 Hailstorm                Conj/Ice       35%        3d8       1%          3
 Inner Flame              Hex/Fire       32%        N/A       1%          3
 Call Imp                 Summ           24%        N/A       2%          2
 Sublimation of Blood     Necr           12%        N/A       2%          2
 Tukima's Dance           Hex            23%        N/A       2%          3
 Gell's Gravitas          Tloc           12%        N/A       5%          3
 Passwall                 Erth           12%        N/A       5%          3
 Swiftness                Air            12%        N/A       5%          3
 Teleport Other           Tloc           12%        N/A       5%          3
 Passage of Golubria      Tloc           12%        N/A       17%         4
 Alistair's Intoxication  Alch           35%        N/A       2%          5
 Dispersal                Tloc           6%         N/A       92%         6
 Summon Hydra             Summ           6%         N/A       100%        7


Dungeon Overview and Level Annotations

Branches:
Dungeon (11/15)            Temple (1/1) D:7            Lair (0/5) D:10
    Orc (0/2) D:11          Sewer (visited)

Altars:
Ashenzari
Cheibriados
Dithmenos
Elyvilon
Fedhas
Gozag
Hepliaklqana
Kikubaaqudgha
Makhleb
Nemelex Xobeh
Okawaru
Qazlal
Ru
Sif Muna
Trog
Uskayaw
Vehumet
Wu Jian
Xom
Yredelemnul
Zin
The Shining One

Shops:
D:1 *   D:5 !   D:10 =


Innate Abilities, Weirdness & Mutations

You cannot wear most types of armour.
You are amphibious.
You can wear up to eight rings at the same time.
Your skin changes colour to match your surroundings (Stealth+).
Your rubbery body absorbs attacks. (AC +1, EV +1)
((You are camouflaged when in or above water. (Stealth+)))
You have tentacles for arms and can constrict up to eight enemies at once.


Message History

You constrict the soul eater.
Unknown command.
You hit the soul eater.
The soul eater is lightly wounded.
You constrict the soul eater, but do no damage.
The wall freezes the kobold.
The wall freezes the soul eater but does no damage.
The soul eater hits you!
* * * LOW HITPOINT WARNING * * *
You feel drained.
* * * LOW HITPOINT WARNING * * *
You hit the soul eater but do no damage.
The soul eater is lightly wounded.
You constrict the soul eater.
The wall freezes the kobold demonologist.
The wall freezes the kobold.
You kill the kobold!
Sif Muna accepts your kill.
The wall freezes the soul eater but does no damage.
The soul eater hits you.
* * * LOW HITPOINT WARNING * * *
You hit the soul eater but do no damage.
The soul eater is poisoned.
You squeeze the soul eater, but do no damage.
The soul eater is lightly wounded.
You constrict the soul eater.
You hit the soul eater but do no damage.
You squeeze the soul eater, but do no damage.
The soul eater is lightly wounded.
You constrict the soul eater, but do no damage.
The kobold demonologist seems less drained.
The wall freezes the soul eater but does no damage.
The soul eater hits you.
* * * LOW HITPOINT WARNING * * *
The wall freezes the kobold demonologist.
The kobold demonologist gestures wildly while chanting.
As you read the scroll of teleportation, it crumbles to dust.
You feel strangely unstable.
The frozen ramparts melt away.
You constrict the soul eater. The soul eater hits you!!
You die...

##....4## #..#
##.....# +..# ..
###)#### #..#
...#..K..#.# #..#
..#..K..#..# #..#
.'.!...'...# #..# ##
.#../..#....##..#
.###.#.....#.....#[.#
.[##
###'####...@#ยง.#
...###.....###...3K5#
....###.....###..#5.#
.....###.....###.#.5#
#.....###.K...####..#
##.....###.....###..#
####+#######'####...#
.......).....K......#
###........######...#


You could see a soul eater (summoned, very poisoned), a kobold demonologist
(very poisoned), an iron imp (summoned), a white imp (summoned) and an ufetubus
(summoned).

Vanquished Creatures
  Josephine (D:10)
  Erica (D:8)
  A two-headed ogre (D:11)
  2 komodo dragons (D:10)
  Psyche (D:10)
  A troll (D:11)
  2 vampires (D:11)
  6 yaks
  2 wyverns
  5 wraiths
  2 acid dragons (D:10)
  A water moccasin (D:8)
  2 black bears
  4 ice beasts
  2 sky beasts
  3 centaurs
  A kobold brigand (D:11)
  A phantom (D:5)
  3 scorpions
  5 bullfrogs
  2 gnoll sergeants (D:9)
  3 wights (D:6)
  5 killer bees (D:8)
  4 howler monkeys
  3 bombardier beetles
  2 jellies
  2 hounds
  A gnoll bouda (D:6)
  6 orc priests
  3 sleepcaps
  2 iguanas
  8 orc wizards
  5 adders
  16 gnolls
  A shadow imp (D:8)
  2 white imps
  2 dart slugs
  26 orcs
  3 bats
  3 endoplasms
  5 goblins
  6 hobgoblins
  5 jackals
  7 quokkas
  9 ball pythons
  4 frilled lizards
  11 kobolds
  7 rats
199 creatures vanquished.

Vanquished Creatures (collateral kills)
  A bullfrog (D:8)
1 creature vanquished.

Vanquished Creatures (others)
  An ogre (D:5)
  A kobold brigand (Sewer)
2 creatures vanquished.

Grand Total: 202 creatures vanquished

Notes
Turn   | Place    | Note
-------+----------+-------------------------------------------
     0 | D:1      | Strat the Octopode Reaver began the quest for the Orb.
     0 | D:1      | Reached XP level 1. HP: 14/14 MP: 3/3
   146 | D:1      | Found Doklemegi's Assorted Antiques.
   167 | D:1      | Reached XP level 2. HP: 8/19 MP: 3/5
   261 | D:1      | Learned a level 2 spell: Momentum Strike
   735 | D:2      | Reached XP level 3. HP: 24/24 MP: 6/6
  1296 | D:2      | Found a faded altar of an unknown god.
  1590 | D:3      | Found a glowing silver altar of Zin.
  1733 | D:3      | Found a bloodstained altar of Trog.
  1781 | D:3      | Reached skill level 1 in Stealth
  1781 | D:3      | Reached XP level 4. HP: 30/30 MP: 7/7
  2149 | D:3      | Identified the +2 robe of Innau {Harm rF+}
  2322 | D:4      | Noticed a gnoll sergeant
  2377 | D:4      | Noticed a scorpion
  2396 | D:4      | Reached XP level 5. HP: 29/35 MP: 8/8
  2564 | D:4      | Found a burning altar of Makhleb.
  2813 | D:4      | Found a snail-covered altar of Cheibriados.
  2903 | D:4      | Learned a level 3 spell: Frozen Ramparts
  3635 | D:5      | Entered Level 5 of the Dungeon
  3642 | D:5      | Noticed an ogre
  3685 | D:5      | Found a glowing drain.
  3687 | D:5      | Reached XP level 6. HP: 41/41 MP: 8/10
  3690 | Sewer    | Entered a sewer
  3855 | Sewer    | Reached skill level 1 in Ice Magic
  3939 | D:5      | Found Ducofom's Distillery.
  3944 | D:5      | Bought a potion of heal wounds for 70 gold pieces
  4197 | D:5      | Learned a level 2 spell: Ensorcelled Hibernation
  4434 | D:5      | Reached XP level 7. HP: 45/45 MP: 9/12
  4599 | D:5      | Reached skill level 5 in Stealth
  5102 | D:6      | Reached XP level 8. HP: 30/52 MP: 6/14
  5450 | D:6      | Reached skill level 5 in Conjurations
  5607 | D:6      | Found a hide-covered altar of Uskayaw.
  5609 | D:6      | Found a sparkling altar of Nemelex Xobeh.
  5701 | D:6      | Reached skill level 5 in Spellcasting
  5749 | D:4      | Found an opulent altar of Gozag.
  6328 | D:7      | Identified the amulet "Qairiz" {Acrobat Int+3}
  6372 | D:7      | Reached skill level 5 in Fighting
  6441 | D:7      | Reached XP level 9. HP: 46/61 MP: 18/18
  6559 | D:7      | Learned a level 4 spell: Sticky Flame
  6564 | D:7      | Learned a level 4 spell: Flame Wave
  6681 | D:7      | Found a staircase to the Ecumenical Temple.
  6714 | D:7      | Found a blossoming altar of Fedhas.
  6736 | D:7      | Reached skill level 1 in Fire Magic
  6736 | D:7      | Reached skill level 1 in Alchemy
  7139 | D:7      | Found a basalt altar of Yredelemnul.
  7153 | D:7      | Identified the +0 dagger of Amelul Hicsi {freeze, +Blink
                  | rPois rF+ Stlth-}
  7340 | Temple   | Entered the Ecumenical Temple
  7358 | Temple   | Became a worshipper of Sif Muna the Loreminder
  8286 | D:8      | Noticed Erica
  8857 | D:8      | Found an ancient bone altar of Kikubaaqudgha.
  9068 | D:8      | Killed Erica
  9068 | D:8      | Reached * piety under Sif Muna
  9069 | D:8      | Reached XP level 10. HP: 34/71 MP: 3/21
  9516 | D:9      | Identified the maw talisman of Nyvitye {rElec Stlth+}
 10271 | D:9      | Reached skill level 5 in Alchemy
 10601 | D:9      | Found a broken altar of Ashenzari.
 10785 | D:10     | Entered Level 10 of the Dungeon
 10894 | D:10     | Found an ornate altar of the Wu Jian Council.
 10973 | D:10     | Noticed Josephine
 11054 | D:10     | Reached skill level 5 in Fire Magic
 11374 | D:10     | Found Kucuam Iviw's Jewellery Shop.
 11465 | D:10     | Learned a level 5 spell: Yara's Violent Unravelling
 11872 | D:10     | Found a staircase to the Lair.
 11912 | D:10     | Noticed Psyche
 11976 | D:10     | Killed Psyche
 12093 | D:10     | Found a white marble altar of Elyvilon.
 12171 | D:10     | Reached XP level 11. HP: 31/78 MP: 15/23
 12464 | D:11     | Found a frozen archway.
 12576 | D:11     | Noticed a cyclops
 12773 | D:10     | Killed Josephine
 12774 | D:10     | Reached skill level 1 in Hexes
 13078 | D:11     | Learned a level 1 spell: Apportation
 13081 | D:11     | Learned a level 2 spell: Jinxbite
 13141 | D:11     | Noticed a two-headed ogre
 13144 | D:11     | Noticed a sixfirhy
 13145 | D:11     | Noticed a deep elf pyromancer
 13150 | D:11     | Noticed a two-headed ogre
 13155 | D:11     | Noticed a two-headed ogre
 13160 | D:11     | Found a staircase to the Orcish Mines.
 13218 | D:11     | Noticed a two-headed ogre
 13382 | D:11     | Killed a two-headed ogre
 13696 | D:11     | Noticed a soul eater
 13706 | D:11     | Mangled by a soul eater

Illustrated notes

Levels and vault maps discovered:
D:1:      shiori_arrival_oz, layout_basic, serial_shops,
          nicolae_shop_advertising_works [nicolae_subvault_shop_adworks]
D:2:      layout_basic, hellmonk_ecumenical_altar_crossroads, minmay_tall_x
D:3:      layout_basic, mainiacjoe_overflow_paths, trog_three_pillars_becter,
          feat_on_display
D:4:      layout_loops_ring, lemuel_round_altar, nicolae_overflow_hidden_temple,
          nicolae_grassy_gnolls
D:5:      layout_basic, mainiacjoe_sewer_entry_somewhere_in_here_1,
          serial_shops, shop, kennysheep_generic_room_15
D:6:      layout_rooms, mainiacjoe_overflow_chevrons, overflow_temple_1_default
D:7:      layout_basic, fedhas_ov_isle_minmay, nicolae_overflow_crystal_walls,
          minmay_temple_entry_mini_moons, nicolae_twisty_statue_hallways
D:8:      minmay_recursive_quarters, layout_cave_pods,
          kiku_gazebo_garden_becter, uniq_erica
D:9:      layout_loops_ring, pf_just_have_faith, minivault_4
D:10:     layout_layer_cave, old_standard_altar, lemuel_coloured_pillars_altar,
          grunt_lair_entry_orc_guard_hut, serial_shops,
          nicolae_shop_tiny_real_fake_doors, uniq_psyche, uniq_josephine
D:11:     layout_loops_cross, orc_0_dummy, portal_ice_cave_entry_ice_simulacra,
          minmay_shop_enchanted_jewellery, minmay_quadrilaterals
Temple:   compressed_dpeg_triangle_lava_temple

Skill      XL: |  1  2  3  4  5  6  7  8  9 10 11 |
---------------+----------------------------------+-----
Stealth        | 1 2 3 4 6 |  6.0
Short Blades   | 4 |  4.1
Conjurations   | 4 5 |  5.0
Ice Magic      | 2 3 |  3.0
Spellcasting   | 3 4 6 7 8 9 |  9.0
Fighting       | 3 5 7 8 9 |  9.1
Fire Magic     | 4 5 |  5.0
Alchemy        | 4 6 7 |  7.5
Hexes          | 2 |  2.0
Dodging        | |  2.5

Action                     |  1- 3 |  4- 6 |  7- 9 | 10-12 || total
---------------------------+-------+-------+-------+-------++-------
  Melee: Short sword       |    56 |       |       |       ||    56
         Constrict         |    27 |    14 |    35 |    18 ||    94
         Tentacles         |    17 |    14 |    43 |    27 ||   101
         Punch             |     1 |     1 |     3 |     4 ||     9
         Dagger            |    43 |    64 |   171 |    92 ||   370
   Cast: Momentum Strike   |     2 |    12 |    13 |     2 ||    29
         Ensorcelled Hiber |       |     1 |     1 |     5 ||     7
         Frozen Ramparts   |       |       |    26 |    18 ||    44
         Kiss of Death     |       |       |     2 |       ||     2
         Sticky Flame      |       |       |     2 |    15 ||    17
         Flame Wave        |       |       |     2 |    15 ||    17
         Jinxbite          |       |       |       |     3 ||     3
  Evoke: Wand              |       |     2 |     3 |     6 ||    11
         Condenser vane    |       |       |       |     1 ||     1
    Use: Scroll            |       |    14 |     2 |     8 ||    24
         Potion            |       |       |     4 |     3 ||     7
   Stab: Sleeping          |     3 |     7 |     5 |     4 ||    19
         Distracted        |       |       |     1 |       ||     1
 Armour: Skin              |    33 |    26 |    96 |    71 ||   226
  Dodge: Dodged            |    56 |    28 |   122 |    98 ||   304
